 Dungeon Crawl Stone Soup version 0.21.1-1-g345015f (webtiles) character file.

87 Tarasboulda the Magician (level 4, 0/40 HPs)
             Began as a Troll Wizard on June 4, 2018.
             Was an Initiate of Gozag.
             Killed by divine providence
             ... invoked by an orc priest
              (10 damage)
             ... on level 3 of the Dungeon.
             The game lasted 00:17:53 (1803 turns).

Tarasboulda the Magician (Troll Wizard)             Turns: 1803, Time: 00:17:55

Health: 0/40       AC:  5    Str: 15    XL:     4   Next: 28%
Magic:  1/6        EV: 10    Int: 15    God:    Gozag
Gold:   119        SH:  0    Dex:  8    Spells: 2/8 levels left

rFire    . . .     SeeInvis .   j - +0 halberd
rCold    . . .     Gourm    +   (shield currently unavailable)
rNeg     + . .     Faith    .   n - +0 robe {rN+}
rPois    .         Spirit   .   b - +0 hat
rElec    .         Reflect  .   (no cloak)
rCorr    .         Harm     .   (gloves unavailable)
MR       .....                  (boots unavailable)
Stlth    +.........             m - amulet of the gourmand
HPRegen  0.53/turn              (no ring)
MPRegen  0.10/turn              (no ring)

@: very slightly contaminated
A: large, unfitting armour, claws 3, fast metabolism 3, gourmand, regeneration
1, shaggy fur 1, tough skin 2
a: Potion Petition, Call Merchant, Bribe Branch, Renounce Religion


You were on level 3 of the Dungeon.
You worshipped Gozag.
Gozag was aware of your devotion.
You were not hungry.

You visited 1 branch of the dungeon, and saw 3 of its levels.

You collected 140 gold pieces.
You paid 21 gold pieces to Gozag.

Inventory:

Hand Weapons
 f - a +0 dagger
 g - a +0 club
 i - a +0 spear
 j - a +0 halberd (weapon)
Armour
 a - a +1 robe
 b - a +0 hat (worn)
 h - a +0 ring mail
 n - a +0 robe of positive energy (worn)
Jewellery
 m - an amulet of the gourmand (around neck)
Scrolls
 e - a scroll of identify
 k - 3 scrolls of teleportation
Books
 c - a book of Minor Magic

   Spells                             Type                      Level
   a - Magic Dart                     Conjuration                  1
   b - Blink                          Translocation                2
   c - Call Imp                       Summoning                    2
   d - Slow                           Hexes                        2
   e - Conjure Flame                  Conjuration/Fire             3
   f - Mephitic Cloud                 Conjuration/Poison/Air       3
Comestibles
 d - 10 rations


   Skills:
 + Level 0.8 Fighting
 + Level 0.1 Short Blades
 + Level 0.2 Maces & Flails
 + Level 2.2 Dodging
 + Level 1.2 Stealth
 + Level 2.5 Spellcasting
 + Level 0.7 Conjurations
 + Level 1.1 Summonings
   Level 0.6 Translocations


You had 2 spell levels left.
You knew the following spells:

 Your Spells              Type           Power        Failure   Level  Hunger
a - Magic Dart            Conj           #...         16%         1    #......
b - Call Imp              Summ           #.......     21%         2    ###....
c - Conjure Flame         Conj/Fire      #.......     50%         3    ###....


Dungeon Overview and Level Annotations

Branches:
Dungeon (3/15)

Altars:
Gozag
Hepliaklqana


Innate Abilities, Weirdness & Mutations

You are too large for most types of armour.
You have claws for hands.
Your metabolism is lightning-fast.
You like to eat raw meat.
Your natural rate of healing is unusually fast.
You are covered in fur. (AC +1)
You have very tough skin. (AC +2)


Message History

The hound barely misses you.
Your crimson imp hits the orc but does no damage.
The orc priest invokes the aid of Beogh against you.
Beogh smites you!
* * * LOW HITPOINT WARNING * * *
The hound bites you but does no damage.
Your crimson imp blinks!
The hound completely misses you.
An adder comes into view.
The adder hisses angrily.
The hound bites you.
* * * LOW HITPOINT WARNING * * *
You miss the hound.
The hound is severely wounded.
The hound bites you.
* * * LOW HITPOINT WARNING * * *
The orc priest invokes the aid of Beogh against you.
Beogh smites you!
You die...
Your body crumbles into a pile of gold.

########......#
#..........##.#
#.............# #########
#..........#..# #........
##########....###........
#.##...#........ #####
#...<###........
......#####.####ยง.......
.....S.@hoo.o.5.........
......##########........
..... ..........$. ....
####.....%$. ...
#........ .. #........ #
#........ ....###... ....
#...


You could see a hound, an orc priest, an adder, 2 orcs and a friendly crimson
imp.

Vanquished Creatures
  An adder (D:2)
  2 dart slugs
  A leopard gecko (D:1)
  An orc (D:3)
  3 ball pythons
  4 bats
  3 giant cockroaches (D:1)
  3 goblins
  4 hobgoblins
  2 jackals (D:1)
  2 frilled lizards
  3 rats
29 creatures vanquished.

Vanquished Creatures (collateral kills)
  3 gnolls (D:2)
  3 adders (D:2)
  2 worms (D:2)
  A bat (D:2)
  A hobgoblin (D:3)
  A ball python (D:2)
  2 frilled lizards
  2 rats
15 creatures vanquished.

Grand Total: 44 creatures vanquished

Notes
Turn   | Place    | Note
-------+----------+-------------------------------------------
     0 | D:1      | Tarasboulda the Troll Wizard began the quest for the Orb.
     0 | D:1      | Reached XP level 1. HP: 16/16 MP: 2/2
   286 | D:1      | Reached XP level 2. HP: 24/24 MP: 0/4
   313 | D:1      | Learned a level 2 spell: Call Imp
   978 | D:2      | Reached XP level 3. HP: 31/31 MP: 0/5
  1121 | D:2      | Found an opulent altar of Gozag.
  1164 | D:2      | Reached skill level 1 in Summonings
  1179 | D:2      | Became a worshipper of Gozag Ym Sagoz the Greedy
  1190 | D:2      | Found a hazy altar of Hepliaklqana.
  1362 | D:2      | Reached XP level 4. HP: 7/40 MP: 1/6
  1412 | D:2      | Learned a level 3 spell: Conjure Flame
  1803 | D:3      | Killed from afar by an orc priest

Skill      XL: |  1  2  3 |
---------------+----------+-----
Summonings     | 1 |  1.1
Dodging        | 2 |  2.2
Fighting       | |  0.8
Short Blades   | |  0.1
Maces & Flails | |  0.2
Stealth        | |  1.2
Spellcasting   | |  2.5
Conjurations   | |  0.7
Translocations | |  0.6

Action                   |  1- 3 |  4- 6 || total
-------------------------+-------+-------++-------
Melee: Dagger            |    33 |       ||    33
       Club              |   103 |    30 ||   133
       Unarmed           |     1 |       ||     1
       Halberd           |       |    16 ||    16
 Cast: Magic Dart        |    18 |     2 ||    20
       Call Imp          |     8 |     6 ||    14
  Use: Scroll            |     5 |     1 ||     6
       Potion            |     2 |       ||     2
 Stab: Sleeping          |     1 |       ||     1
  Eat: Chunk             |    13 |       ||    13
       Ration            |     1 |       ||     1
Armor: Robe              |    70 |    22 ||    92
       Skin              |    34 |       ||    34
Dodge: Dodged            |    75 |    46 ||   121
